 Dungeon Crawl Stone Soup version 0.23-a0-396-g5214e5f (webtiles) character file.

108 RoseArtemis the Sneak (level 4, 0/21 HPs)
             Began as a Spriggan Enchanter on Nov 2, 2018.
             Slain by Ijyb
             ... wielding a +0 dagger
              (1 damage)
             ... on level 3 of the Dungeon.
             The game lasted 00:07:14 (2756 turns).

RoseArtemis the Sneak (Spriggan Enchanter)          Turns: 2756, Time: 00:07:15

Health: 0/21       AC:  2    Str:  4    XL:     4   Next: 58%
Magic:  3/10       EV: 19    Int: 17    God:
Gold:   93         SH:  0    Dex: 16    Spells: 3/9 levels left

rFire    . . .     SeeInvis +   a - +1 dagger
rCold    . . .     Gourm    .   (shield restricted)
rNeg     . . .     Faith    .   b - +0 robe
rPois    .         Spirit   .   (helmet restricted)
rElec    .         Reflect  .   (no cloak)
rCorr    .         Harm     .   (gloves unavailable)
MR       .....                  (boots unavailable)
Stlth    +++.......             (no amulet)
HPRegen  0.07/turn              (no ring)
MPRegen  0.12/turn              (no ring)

@: very slightly contaminated, very quick
A: very small, unfitting armour, see invisible, herbivore, speed 3, slow
metabolism 2
a: no special abilities


You were on level 3 of the Dungeon.
You were hungry.

You visited 1 branch of the dungeon, and saw 3 of its levels.

You collected 93 gold pieces.

Inventory:

Hand Weapons
 a - a +1 dagger (weapon)
 p - a cursed -3 dagger
Armour
 b - a +0 robe (worn)
Scrolls
 f - 2 scrolls of remove curse
 g - 2 scrolls of teleportation
 k - a scroll of enchant weapon {unknown}
 o - a scroll of identify {unknown}
Potions
 c - a potion of heal wounds {unknown}
 e - a potion of haste {unknown}
 h - a potion of degeneration {unknown}
 i - a potion of might {unknown}
 j - a potion of lignification {unknown}
 l - a potion of mutation {unknown}
 m - a potion of invisibility {unknown}
 n - a potion of cancellation {unknown}
Comestibles
 d - 6 rations


   Skills:
 + Level 2.1 Short Blades
 + Level 3.8 Dodging
 + Level 5.2 Stealth
 + Level 3.4 Spellcasting
 * Level 4.8 Hexes


You had 3 spell levels left.
You knew the following spells:

 Your Spells              Type           Power        Failure   Level  Hunger
a - Dazzling Spray        Conj/Hex       ##....       19%         3    ###....
b - Ensorcelled Hibernat  Hex/Ice        ##....       10%         2    ##.....
c - Corona                Hex            ###....      2%          1    None

Your spell library contained the following spells:

 Spells                   Type           Power        Failure   Level  Hunger
 Confuse                  Hex            ###.....     7%          3    ###....
 Tukima's Dance           Hex            ###.....     7%          3    ###....


Dungeon Overview and Level Annotations

Branches:
Dungeon (3/15)

Altars:
Wu Jian

Annotations:
D:3 Ijyb, Sigmund


Innate Abilities, Weirdness & Mutations

You are very small and have problems with some larger weapons.
You are too small for most types of armour.
You have supernaturally acute eyesight. (SInv)
You are a herbivore.
You cover ground extremely quickly.
You need to consume almost no food.


Message History

You hit Ijyb but do no damage.
Aim: Ijyb, wielding a +0 dagger, wearing a +1 ring mail of fire resistance and The spray of energy misses Ijyb.
The spray of energy misses the quokka.
The spray of energy misses Sigmund.
Ijyb hits you with a +0 dagger. The quokka bites you.
Aim: Ijyb, wielding a +0 dagger, wearing a +1 ring mail of fire resistance and You miscast Dazzling Spray.
You are very lightly contaminated with residual magic.
Your hair stands on end.
You are feeling hungry.
Ijyb zaps a wand.
You suddenly lose the ability to move!
The quokka bites you.
Ijyb zaps a wand.
You easily resist.
The quokka bites you but does no damage.
Ijyb zaps a wand.
You easily resist.
The quokka bites you.
* * * LOW HITPOINT WARNING * * *
Sigmund hits you from afar with a +0 scythe!
* * * LOW HITPOINT WARNING * * *
You can move again.
Ijyb hits you with a +0 dagger.
You die...

......#.#
.....##.#...........##
......#.#............
####....#...........#
#..###...........#
#...# ...........# #
#.#.# #...@..<#
####.#.## #...g#.#
.....#..##.#...r@.#
.##........#......+
.##..##.##.#.#....#####
###...#.# # #........$
###.#.#.. ##...#####
....#.# #...# .####.#
#...# .# .# #...# .#
#####


You could see Sigmund, Ijyb and a quokka.

Vanquished Creatures
  5 adders
  A worm (D:2)
  3 dart slugs (D:1)
  4 leopard geckos
  An orc (D:3)
  A ball python (D:3)
  7 giant cockroaches
  3 goblins
  4 hobgoblins
  3 jackals (D:3)
  2 bats
  3 frilled lizards
  3 kobolds
  14 rats
54 creatures vanquished.

Notes
Turn   | Place    | Note
-------+----------+-------------------------------------------
     0 | D:1      | RoseArtemis the Spriggan Enchanter began the quest for the
                  | Orb.
     0 | D:1      | Reached XP level 1. HP: 9/9 MP: 5/5
   405 | D:1      | Reached XP level 2. HP: 13/13 MP: 4/6
   409 | D:1      | Learned a level 2 spell: Ensorcelled Hibernation
  1046 | D:2      | Reached XP level 3. HP: 16/16 MP: 8/8
  1435 | D:2      | Reached skill level 5 in Stealth
  2111 | D:3      | Learned a level 3 spell: Dazzling Spray
  2124 | D:3      | Found an ornate altar of the Wu Jian Council.
  2158 | D:3      | Reached XP level 4. HP: 9/21 MP: 1/9
  2744 | D:3      | Noticed Ijyb
  2749 | D:3      | Noticed Sigmund
  2753 | D:3      | Paralysed by Ijyb for 3 turns
  2755 | D:3      | HP: 1/21 [Sigmund/+0 scythe (8)]
  2756 | D:3      | Slain by Ijyb

Vault maps used:
D:1:      minmay_arrival_arboretum_small, minmay_unequal
D:2:      serial_bayou, serial_bayou_lagoon_a, serial_bayou_lake_a,
          serial_bayou_ford_a, serial_bayou_shore_a, first_ration,
          lemuel_another_geyser
D:3:      minmay_wonky_spiral, nicolae_overflow_crystal_walls, uniq_sigmund,
          uniq_ijyb, uniq_robin

Skill      XL: |  1  2  3  4 |
---------------+-------------+-----
Hexes          | 4 |  4.8
Spellcasting   | 3 |  3.4
Stealth        | 5 |  5.2
Short Blades   | 2 |  2.1
Dodging        | |  3.8

Action                   |  1- 3 |  4- 6 || total
-------------------------+-------+-------++-------
Melee: Dagger            |    81 |    51 ||   132
 Cast: Corona            |     5 |     1 ||     6
       Ensorcelled Hiber |    34 |    16 ||    50
       Dazzling Spray    |       |     1 ||     1
  Use: Scroll            |       |     2 ||     2
 Stab: Sleeping          |    33 |    11 ||    44
  Eat: Ration            |       |     1 ||     1
Armor: Robe              |     7 |     2 ||     9
Dodge: Dodged            |    48 |    49 ||    97

Table legend:
 A = Non-vault XP
 B = Vault XP
 C = Vault XP percentage of total XP
 D = Non-vault monster count
 E = Vault monster count
 F = Vault count percentage of total count
                 A         B        C        D         E       F
            +---------+---------+-------+---------+---------+-------
      Total |     150 |       5 |   3.2 |      52 |       2 |   3.7
            +---------+---------+-------+---------+---------+-------
        D:1 |      32 |       5 |  13.5 |      19 |       2 |   9.5
        D:2 |      54 |       0 |   0.0 |      14 |       0 |   0.0
        D:3 |      64 |       0 |   0.0 |      19 |       0 |   0.0
            +---------+---------+-------+---------+---------+-------
